 Dungeon Crawl Stone Soup version 0.26-a0-852-g6321bf7485 (webtiles) character file.

Game seed: 6947439535704998897

27710 gishou the Covert (level 13, -4/104 HPs)
             Began as a Gnoll Delver on Nov 21, 2020.
             Was a High Priest of Dithmenos.
             Slain by Sonja
             ... wielding a +1 short sword of distortion
              (19 damage)
             ... on level 13 of the Dungeon.
             The game lasted 00:26:01 (14026 turns).

gishou the Covert (Gnoll Delver)                   Turns: 14026, Time: 00:26:02

Health: -4/104     AC: 34    Str: 24    XL:     13   Next: 34%
Magic:  25/25      EV: 14    Int: 10    God:    Dithmenos [*****.]
Gold:   112        SH: 12    Dex: 18    Spells: 28/28 levels left

rFire    . . .     SeeInvis .   I - +8 hand axe (distort)
rCold    + . .     Faith    .   J - +0 buckler
rNeg     + . .     Spirit   .   Q - +6 chain mail of an ice cave {rN+ Str+6 Int-3}
rPois    .         Reflect  +   a - +2 hat
rElec    .         Harm     .   F - +0 cloak
rCorr    .         Rampage  .   O - +2 pair of gloves {archery}
MR       .....                  R - +1 pair of boots
Stlth    +++.......             o - amulet of reflection
HPRegen  0.27/turn              B - ring of protection from cold
MPRegen  0.19/turn              N - ring of Robustness {AC+8}

@: slowed, wreathed by umbra, very slow
A: distributed training, fangs 1, strong nose
a: Shadow Step, Shadow Form, Renounce Religion


You were on level 13 of the Dungeon.
You worshipped Dithmenos.
Dithmenos was extremely pleased with you.
You visited 2 branches of the dungeon, and saw 14 of its levels.

You collected 697 gold pieces.
You spent 585 gold pieces at shops.

Inventory:

Hand Weapons
 I - a +8 hand axe of distortion (weapon)
Missiles
 l - 15 javelins (quivered)
Armour
 a - a +2 hat (worn)
 F - a +0 cloak (worn)
 J - a +0 buckler (worn)
 M - the +2 leather armour of Dishonour {rPois}
   (You found it on level 9 of the Dungeon)

   It protects you from poison.
 O - a +2 pair of gloves of archery (worn)
 Q - the +6 chain mail of an ice cave (worn) {rN+ Str+6 Int-3}
   (You found it on level 11 of the Dungeon)

   It affects your strength (+6).
   It affects your intelligence (-3).
   It protects you from negative energy.
 R - a +1 pair of boots (worn)
 S - a +0 ring mail of fire resistance
Jewellery
 o - an amulet of reflection (around neck)
 r - an uncursed ring of magical power
 B - a ring of protection from cold (left hand)
 N - the ring of Robustness (right hand) {AC+8}
   (You found it on level 9 of the Dungeon)

   [ring of protection]

   It affects your AC (+8).
Wands
 g - a wand of digging (7)
 h - a wand of disintegration (9)
 C - a wand of random effects (22)
 L - a wand of iceblast (17)
Scrolls
 c - 3 scrolls of fog
 d - 3 scrolls of magic mapping
 e - 4 scrolls of fear
 i - 13 scrolls of teleportation
 m - a scroll of vulnerability
 q - 2 scrolls of blinking
 v - 5 scrolls of amnesia
 x - 2 scrolls of enchant armour
 y - 6 scrolls of identify
 D - 3 scrolls of remove curse
 E - a scroll of torment
 P - a scroll of summoning
Potions
 b - 2 potions of attraction
 f - 2 potions of haste
 j - a potion of magic
 k - a potion of lignification
 n - 2 potions of flight
 p - 3 potions of ambrosia
 s - 7 potions of brilliance
 t - a potion of might
 u - 3 potions of heal wounds
 w - 4 potions of resistance
 z - a potion of berserk rage
 A - a potion of mutation
 G - a potion of invisibility


   Skills:
 + Level 10.5 Fighting
 + Level 8.3 Short Blades
 + Level 8.3 Long Blades
 + Level 8.3 Axes
 + Level 8.3 Maces & Flails
 + Level 9.5 Polearms
 + Level 8.3 Staves
 + Level 8.3 Slings
 + Level 8.3 Bows
 + Level 8.3 Crossbows
 + Level 8.3 Throwing
 + Level 8.3 Armour
 + Level 9.5 Dodging
 + Level 12.3 Stealth
 + Level 8.3 Shields
 + Level 8.3 Unarmed Combat
 + Level 8.3 Spellcasting
 + Level 6.9 Conjurations
 + Level 6.9 Hexes
 + Level 6.9 Summonings
 + Level 6.9 Necromancy
 + Level 6.9 Translocations
 + Level 6.9 Transmutations
 + Level 6.9 Fire Magic
 + Level 6.9 Ice Magic
 + Level 6.9 Air Magic
 + Level 6.9 Earth Magic
 + Level 6.9 Poison Magic
 + Level 9.1 Invocations
 + Level 8.3 Evocations


You had 28 spell levels left.
You didn't know any spells.
Your spell library contained the following spells:

 Spells                   Type           Power        Failure   Level
 Bolt of Magma            Conj/Fire/Erth ###.......   83%         5
 Iskenderun's Battlesphe  Conj           ###.....     83%         5
 Iron Shot                Conj/Erth      ###.......   100%        6
 Orb of Destruction       Conj           ###.......   100%        7
 Spellforged Servitor     Conj/Summ      ###.......   100%        7


Dungeon Overview and Level Annotations

Branches:
Dungeon (13/15)            Temple (1/1) D:6            Lair (0/6) D:9
    Orc (0/2) D:10
 Vaults: D:13-14

Altars:
Cheibriados
Dithmenos
Nemelex Xobeh
Okawaru
Qazlal
Ru
Sif Muna
Uskayaw
Xom
Yredelemnul
Zin
The Shining One
Lugonu

Shops:
D:10 ?   D:12 ?   D:13 (

Annotations:
D:13 Sonja


Innate Abilities, Weirdness & Mutations

Your experience applies equally to all skills.
You have very sharp teeth.
Your uncanny sense of smell can sniff out nearby items.


Message History

You slash the slime creature!
Space warps horribly around the slime creature!!
You kill the slime creature!
Dithmenos accepts your kill.
Sonja throws a curare-tipped dart.
The curare-tipped dart hits you.
You are poisoned.
You have difficulty breathing.
* * * LOW HITPOINT WARNING * * *
You feel yourself slow down.
You feel better. You block Sonja's attack. Sonja hits you but does no damage.
Space warps horribly around you!
* * * LOW HITPOINT WARNING * * *
Sonja barely misses you.
You closely miss Sonja. Your bite misses Sonja.
Sonja is moderately wounded.
You block Sonja's attack. Sonja closely misses you.
Sonja hits you with a +1 short sword of distortion.
* * * LOW HITPOINT WARNING * * *
Space warps horribly around you!!
You die...

#######
###......
#.'.)....
#########
###.#......
#.#...#.#
#...#......
#.#.###(#
##.###......
#.#.....###..#
#......
#.#####.'...##
#......
#).hK@....###
#......
#.###.#.###
#####'#
#(..#...# ##
..# ##ยง######
#. .## (#
##'######## J#
#.......... ).
#.......... ..
#..........
.((
##..........


You could see Sonja and a black bear.

Vanquished Creatures
  Nessos (D:12)
  A hydra (D:11)
  3 two-headed ogres
  Nergalle (D:11)
  An ugly thing (D:7)
  2 deep elf magi
  3 cyclopes
  2 centaur skeletons
  2 gargoyles
  3 trolls
  An ancient zyme (D:7)
  14 slime creatures
  4 yaks (D:9)
  2 shadows
  8 redbacks
  A wraith (D:12)
  3 wyverns
  Eustachio (D:4)
  Grum (D:10)
  3 wargs (D:9)
  A water moccasin (D:10)
  4 ice beasts
  6 orc warriors
  3 sky beasts
  2 black bears
  8 ogres
  3 phantoms
  2 eyes of draining
  A necrophage (D:7)
  2 wolves (D:10)
  5 centaurs
  3 small abominations (D:7)
  6 bullfrogs
  2 big kobolds
  A gnoll sergeant (D:7)
  2 scorpions
  A wyvern skeleton (D:7)
  2 troll zombies (D:10)
  7 killer bees
  8 wights
  2 electric eels (D:11)
  2 howler monkeys
  3 lava snakes (D:9)
  3 bullfrog zombies
  A centaur zombie (D:5)
  3 jellies
  11 orc wizards
  A gnoll shaman (D:8)
  8 orc priests
  2 bullfrog skeletons
  7 hounds
  An iguana (D:11)
  8 worker ants
  6 ogre zombies (D:10)
  A hound zombie (D:10)
  A mummy (D:8)
  A howler monkey zombie (D:10)
  12 gnolls
  8 adders
  A shadow imp (D:6)
  2 white imps
  3 ufetubi
  An adder zombie (D:6)
  A worm (D:2)
  3 dart slugs (D:3)
  5 leopard geckos
  45 orcs
  9 bats
  5 giant cockroaches
  8 goblins
  6 hobgoblins
  12 jackals
  14 kobolds
  4 quokkas
  A ball python (D:5)
  7 frilled lizards
  3 goblin skeletons (D:10)
  2 goblin zombies (D:10)
  A hobgoblin skeleton (D:10)
  2 hobgoblin zombies (D:10)
  2 leopard gecko skeletons
  An orc skeleton (D:10)
  16 orc zombies (D:10)
  2 quokka skeletons
  9 rats
  A bush (D:5)
373 creatures vanquished.

Vanquished Creatures (others)
  A plant (D:9)
1 creature vanquished.

Grand Total: 374 creatures vanquished

Notes
Turn   | Place    | Note
-------+----------+-------------------------------------------
     0 | D:5      | Reached skill level 9 in Stealth
     0 | D:5      | gishou the Gnoll Delver began the quest for the Orb.
     0 | D:5      | Reached XP level 1. HP: 23/23 MP: 1/1
   291 | D:2      | Reached XP level 2. HP: 29/29 MP: 2/2
   516 | D:1      | Reached XP level 3. HP: 26/35 MP: 3/3
  1088 | D:2      | Found a basalt altar of Yredelemnul.
  1121 | D:2      | Reached skill level 1 in Invocations
  1142 | D:2      | Reached skill level 1 in Short Blades
  1142 | D:2      | Reached skill level 1 in Long Blades
  1142 | D:2      | Reached skill level 1 in Axes
  1142 | D:2      | Reached skill level 1 in Maces & Flails
  1142 | D:2      | Reached skill level 1 in Staves
  1142 | D:2      | Reached skill level 1 in Slings
  1142 | D:2      | Reached skill level 1 in Bows
  1142 | D:2      | Reached skill level 1 in Crossbows
  1142 | D:2      | Reached skill level 1 in Throwing
  1142 | D:2      | Reached skill level 1 in Armour
  1142 | D:2      | Reached skill level 1 in Shields
  1142 | D:2      | Reached skill level 1 in Unarmed Combat
  1142 | D:2      | Reached skill level 1 in Spellcasting
  1142 | D:2      | Reached skill level 1 in Evocations
  1142 | D:2      | Reached XP level 4. HP: 29/41 MP: 5/5
  1967 | D:3      | Reached skill level 1 in Conjurations
  1967 | D:3      | Reached skill level 1 in Hexes
  1967 | D:3      | Reached skill level 1 in Summonings
  1967 | D:3      | Reached skill level 1 in Necromancy
  1967 | D:3      | Reached skill level 1 in Translocations
  1967 | D:3      | Reached skill level 1 in Transmutations
  1967 | D:3      | Reached skill level 1 in Fire Magic
  1967 | D:3      | Reached skill level 1 in Ice Magic
  1967 | D:3      | Reached skill level 1 in Air Magic
  1967 | D:3      | Reached skill level 1 in Earth Magic
  1967 | D:3      | Reached skill level 1 in Poison Magic
  2509 | D:3      | Found a hide-covered altar of Uskayaw.
  2513 | D:3      | Found a broken altar of Ashenzari.
  2513 | D:3      | Found a hazy altar of Hepliaklqana.
  2528 | D:3      | Reached XP level 5. HP: 47/47 MP: 6/6
  2791 | D:3      | Found a shimmering altar of Xom.
  2791 | D:3      | Found a sacrificial altar of Ru.
  2791 | D:3      | Found a stormy altar of Qazlal.
  3104 | D:4      | Found a sparkling altar of Nemelex Xobeh.
  3184 | D:4      | Noticed an ogre
  3792 | D:4      | Noticed an ogre
  3794 | D:4      | Killed an ogre
  3795 | D:4      | Reached skill level 5 in Polearms
  3795 | D:4      | Reached skill level 5 in Dodging
  3795 | D:4      | Reached XP level 6. HP: 53/53 MP: 8/8
  3813 | D:4      | Noticed Eustachio
  3836 | D:4      | Killed Eustachio
  3837 | D:4      | Reached XP level 7. HP: 44/59 MP: 8/10
  4466 | D:5      | Reached skill level 10 in Stealth
  4474 | D:5      | Reached XP level 8. HP: 67/67 MP: 12/12
  4484 | D:5      | Found a shimmering altar of Xom.
  5142 | D:6      | Found a staircase to the Ecumenical Temple.
  5164 | Temple   | Entered the Ecumenical Temple
  5167 | Temple   | Became a worshipper of Dithmenos the Shadowed
  5675 | D:7      | Reached XP level 9. HP: 41/72 MP: 14/14
  5856 | D:7      | Found a transporter.
  5856 | D:7      | Found a transporter.
  5857 | D:7      | Found a corrupted altar of Lugonu.
  5858 | D:7      | Noticed an ancient zyme
  5858 | D:7      | Noticed a purple ugly thing
  5862 | D:7      | Noticed a brown ugly thing
  5868 | D:7      | Killed a purple ugly thing
  5871 | D:7      | Banished a brown ugly thing
  5872 | D:7      | Reached skill level 5 in Invocations
  5872 | D:7      | Killed an ancient zyme
  6366 | D:7      | Reached XP level 10. HP: 72/80 MP: 17/17
  6598 | D:7      | Reached * piety under Dithmenos
  6829 | D:7      | Reached skill level 5 in Short Blades
  6829 | D:7      | Reached skill level 5 in Long Blades
  6829 | D:7      | Reached skill level 5 in Axes
  6829 | D:7      | Reached skill level 5 in Maces & Flails
  6829 | D:7      | Reached skill level 5 in Staves
  6829 | D:7      | Reached skill level 5 in Slings
  6829 | D:7      | Reached skill level 5 in Bows
  6829 | D:7      | Reached skill level 5 in Crossbows
  6829 | D:7      | Reached skill level 5 in Throwing
  6829 | D:7      | Reached skill level 5 in Armour
  6829 | D:7      | Reached skill level 5 in Shields
  6829 | D:7      | Reached skill level 5 in Unarmed Combat
  6829 | D:7      | Reached skill level 5 in Spellcasting
  6829 | D:7      | Reached skill level 5 in Evocations
  7202 | D:8      | Reached skill level 11 in Stealth
  7202 | D:8      | Reached skill level 5 in Conjurations
  7202 | D:8      | Reached skill level 5 in Hexes
  7202 | D:8      | Reached skill level 5 in Summonings
  7202 | D:8      | Reached skill level 5 in Necromancy
  7202 | D:8      | Reached skill level 5 in Translocations
  7202 | D:8      | Reached skill level 5 in Transmutations
  7202 | D:8      | Reached skill level 5 in Fire Magic
  7202 | D:8      | Reached skill level 5 in Ice Magic
  7202 | D:8      | Reached skill level 5 in Air Magic
  7202 | D:8      | Reached skill level 5 in Earth Magic
  7202 | D:8      | Reached skill level 5 in Poison Magic
  7202 | D:8      | Reached XP level 11. HP: 89/89 MP: 20/20
  7292 | D:8      | Found a snail-covered altar of Cheibriados.
  7485 | D:8      | Found a glowing golden altar of the Shining One.
  7485 | D:8      | Found a shimmering blue altar of Sif Muna.
  8183 | D:8      | Reached ** piety under Dithmenos
  8816 | D:9      | Got a scorched leather armour
  8817 | D:9      | Identified the +2 leather armour of Dishonour {rPois} (You
                  | found it on level 9 of the Dungeon)
  8846 | D:9      | Found a sacrificial altar of Ru.
  9011 | D:9      | Found a hide-covered altar of Uskayaw.
  9151 | D:9      | Found a staircase to the Lair.
  9383 | D:9      | Found a runed translucent door.
  9410 | D:9      | Found the ring of Robustness {AC+8}
  9414 | D:9      | Reached *** piety under Dithmenos
  9421 | D:9      | Noticed a boulder beetle
  9428 | D:9      | Banished a boulder beetle
  9703 | D:9      | Found a stormy altar of Qazlal.
  9704 | D:9      | Found an iron altar of Okawaru.
  9767 | D:10     | Entered Level 10 of the Dungeon
  9789 | D:10     | Found a staircase to the Orcish Mines.
  9830 | D:10     | Reached XP level 12. HP: 71/97 MP: 22/22
 10034 | D:10     | Identified a scroll of acquirement
 10034 | D:10     | Acquired a +0 pair of gloves of archery
 10132 | D:10     | Found Cysujen's Magic Scroll Shoppe.
 10136 | D:10     | Bought a scroll of identify for 24 gold pieces
 10136 | D:10     | Bought a scroll of torment for 90 gold pieces
 10136 | D:10     | Bought a scroll of summoning for 114 gold pieces
 10136 | D:10     | Bought a scroll of fear for 42 gold pieces
 10136 | D:10     | Bought a scroll of identify for 24 gold pieces
 10136 | D:10     | Bought a scroll of teleportation for 36 gold pieces
 10136 | D:10     | Bought a scroll of teleportation for 36 gold pieces
 10136 | D:10     | Bought a scroll of enchant weapon for 90 gold pieces
 10136 | D:10     | Bought a scroll of identify for 24 gold pieces
 10152 | D:10     | Reached **** piety under Dithmenos
 10165 | D:10     | Noticed a two-headed ogre
 10181 | D:10     | Killed a two-headed ogre
 10450 | D:10     | Noticed Grum
 10478 | D:10     | Killed Grum
 11280 | D:11     | Noticed Nergalle
 11293 | D:11     | Killed Nergalle
 11462 | D:11     | Reached skill level 10 in Fighting
 11462 | D:11     | Reached ***** piety under Dithmenos
 11576 | D:11     | Noticed a two-headed ogre
 11589 | D:11     | Killed a two-headed ogre
 11591 | D:11     | Got a spiked chain mail
 11592 | D:11     | Identified the +6 chain mail of an ice cave {rN+ Str+6
                  | Int-3} (You found it on level 11 of the Dungeon)
 12125 | D:11     | Noticed a four-headed hydra
 12130 | D:11     | Killed a four-headed hydra
 12344 | D:12     | Noticed Nessos
 12349 | D:12     | Killed Nessos
 12350 | D:12     | Reached skill level 12 in Stealth
 12925 | D:12     | Reached XP level 13. HP: 87/103 MP: 23/25
 13186 | D:12     | Identified the +1 pair of boots of Vehumet's Condemnation
                  | {Harm *Drain rPois MR+} (You found it on level 12 of the
                  | Dungeon)
 13226 | D:12     | Found a corrupted altar of Lugonu.
 13353 | D:12     | Found Tisurid's Magic Scroll Shop.
 13356 | D:12     | Bought a scroll of enchant weapon for 105 gold pieces
 13919 | D:13     | Found Hetohud's Antique Weapon Shoppe.
 14004 | D:13     | Noticed Sonja
 14026 | D:13     | Slain by Sonja

Illustrated notes

Levels and vault maps discovered:
D:1:      minmay_arrival_four_loops, layout_basic, st_stairs_6
D:2:      layout_basic, lemuel_doored_altar, hangedman_decor_clover_reticule,
          dk_noncrumbling_4
D:3:      layout_loops_ring, doesnt_xom_only_xom
D:4:      layout_loops_corners, nemelex_xobeh_ov_fountains_minmay,
          uniq_eustachio
D:5:      layout_rooms, kennysheep_mini, kb_lookout_dungeons_type,
          hangedman_minor_gate_pass
D:6:      layout_loops_ring, minmay_temple_entry_glass
D:7:      gammafunk_corrupted_shrine, layout_cave_pools,
          minmay_fractal_squares_5
D:8:      layout_loops_corners, amethyst_overflow_temple_binary, slow_altar_1,
          kennysheep_small_square
D:9:      gammafunk_indiana_jones, layout_basic, lemuel_round_altar,
          nicolae_overflow_hidden_temple, nicolae_ru_great_annihilating_truth,
          erik_lair_orcish_takeover, eino_tiny_chamber
D:10:     layout_loops_ring, zombieorc2_lemuel, serial_shops, shop, uniq_grum
D:11:     layout_basic, uniq_nergalle
D:12:     layout_stronghold, serial_shops, nicolae_shop_behind_doors,
          tgw_lugonu_bribe, uniq_nessos
D:13:     layout_roguey, david_vaults_1, serial_shops, nicolae_shop_stone,
          drop_trap, uniq_sonja
Temple:   nicolae_temple_hex_pool

Skill      XL: |  1  2  3  4  5  6  7  8  9 10 11 12 13 |
---------------+----------------------------------------+-----
Stealth        | 10 11 12 | 12.3
Invocations    | 1 2 3 4 5 6 7 8 9 |  9.1
Short Blades   | 1 2 3 4 6 7 8 |  8.3
Long Blades    | 1 2 3 4 6 7 8 |  8.3
Axes           | 1 2 3 4 6 7 8 |  8.3
Maces & Flails | 1 2 3 4 6 7 8 |  8.3
Staves         | 1 2 3 4 6 7 8 |  8.3
Slings         | 1 2 3 4 6 7 8 |  8.3
Bows           | 1 2 3 4 6 7 8 |  8.3
Crossbows      | 1 2 3 4 6 7 8 |  8.3
Throwing       | 1 2 3 4 6 7 8 |  8.3
Armour         | 1 2 3 4 6 7 8 |  8.3
Shields        | 1 2 3 4 6 7 8 |  8.3
Unarmed Combat | 1 2 3 4 6 7 8 |  8.3
Spellcasting   | 1 2 3 4 6 7 8 |  8.3
Evocations     | 1 2 3 4 6 7 8 |  8.3
Conjurations   | 1 2 3 5 6 |  6.9
Hexes          | 1 2 3 5 6 |  6.9
Summonings     | 1 2 3 5 6 |  6.9
Necromancy     | 1 2 3 5 6 |  6.9
Translocations | 1 2 3 5 6 |  6.9
Transmutations | 1 2 3 5 6 |  6.9
Fire Magic     | 1 2 3 5 6 |  6.9
Ice Magic      | 1 2 3 5 6 |  6.9
Air Magic      | 1 2 3 5 6 |  6.9
Earth Magic    | 1 2 3 5 6 |  6.9
Poison Magic   | 1 2 3 5 6 |  6.9
Polearms       | 5 6 7 8 9 |  9.5
Dodging        | 5 6 7 8 9 |  9.5
Fighting       | 7 8 9 10 | 10.5

Action                   |  1- 3 |  4- 6 |  7- 9 | 10-12 | 13-15 || total
-------------------------+-------+-------+-------+-------+-------++-------
Melee: Spear             |   101 |   136 |       |       |       ||   237
       Bite              |     8 |    16 |    26 |    59 |    14 ||   123
       Punch             |       |     2 |     5 |     1 |       ||     8
       Rapier            |       |    30 |    71 |       |       ||   101
       Hand axe          |       |       |    97 |   529 |    78 ||   704
Throw: Javelin           |     1 |    10 |     5 |    23 |    11 ||    50
Evoke: Wand              |       |       |       |     7 |     3 ||    10
  Use: Scroll            |       |       |    18 |    15 |     2 ||    35
       Potion            |       |       |     1 |     2 |     1 ||     4
 Stab: Sleeping          |    10 |    11 |    10 |    41 |     3 ||    75
       Distracted        |       |     3 |     2 |     1 |       ||     6
       Paralysed         |       |       |       |     1 |       ||     1
Armor: Leather armour    |    12 |    15 |       |    37 |       ||    64
       Ring mail         |       |     3 |    22 |    30 |       ||    55
       Chain mail        |       |       |       |    19 |    28 ||    47
Dodge: Dodged            |    47 |    69 |    67 |   249 |    41 ||   473
Block: Other             |    18 |    21 |    17 |    14 |       ||    70
       Reflection        |     2 |     2 |     3 |    11 |     1 ||    19
       Buckler           |       |       |       |   182 |    25 ||   207

Table legend: (Time is in decaauts)
 A = Elapsed time spent in this place.
 B = Non-inter-level travel time spent in this place.
 C = Inter-level travel time spent in this place.
 D = Time resting spent in this place.
 E = Time spent auto-exploring this place.
 F = Levels seen in this place.
 G = Mean time per level.
                   A        B        C        D        E       F      G
               +--------+--------+--------+--------+--------+-----+--------+
         Total |  14020 |  13559 |    461 |   2698 |   8291 |  14 | 1001.4 |
       Dungeon |  14013 |  13554 |    459 |   2698 |   8291 |  13 | 1077.9 |
        Temple |      6 |      4 |      2 |      0 |      0 |   1 |    6.0 |
               +--------+--------+--------+--------+--------+-----+--------+

Top non-repeatable levels by time:
     D:4: 1424 daAuts
     D:9: 1418 daAuts
    D:11: 1380 daAuts
     D:3: 1313 daAuts
     D:7: 1255 daAuts
    D:10: 1148 daAuts
     D:8: 1147 daAuts
    D:12: 1120 daAuts
     D:6: 1048 daAuts
     D:2: 847 daAuts
     D:1: 727 daAuts
     D:5: 592 daAuts
    D:13: 588 daAuts
  Temple: 6 daAuts
